 Dungeon Crawl Stone Soup version 0.20-a0-1122-gb7cbeb9 (webtiles) character file.

7718 anfisbena the Severer (level 11, -4/148 HPs)
             Began as a Hill Orc Berserker on May 13, 2017.
             Was a High Priest of Trog.
             Slain by a death yak (10 damage)
             ... on level 8 of the Dungeon.
             The game lasted 00:10:30 (8758 turns).

anfisbena the Severer (Hill Orc Berserker)          Turns: 8758, Time: 00:10:31

Health: -4/148     AC: 18    Str: 26    XL:     11   Next: 19%
Magic:  3/3        EV:  9    Int:  7    God:    Trog [*****.]
Gold:   468        SH:  0    Dex: 18    Spells: 10/10 levels left

rFire    . . .     SeeInvis .   M - +8 battleaxe of Prudence {antimagic, MR+ Dex+5}
rCold    . . .     Gourm    .   (shield currently unavailable)
rNeg     . . .     Faith    +   f - +0 chain mail
rPois    +         Spirit   .   (no helmet)
rElec    .         Reflect  .   (no cloak)
rCorr    .         Harm     .   R - +2 pair of gloves
MR       +....                  m - +1 pair of boots
Stlth    ..........             g - amulet of faith
Regen    0.4/turn               I - +2 ring of protection
MPRegen  0.1/turn               Q - ring of poison resistance

@: berserking, starving, very quick
A: no striking features
a: Berserk, Trog's Hand, Brothers in Arms, Burn Spellbooks, Renounce Religion


You were on level 8 of the Dungeon.
You worshipped Trog.
Trog was extremely pleased with you.
You were starving.

You visited 1 branch of the dungeon, and saw 8 of its levels.

You collected 468 gold pieces.

Inventory:

Hand Weapons
 M - the +8 battleaxe of Prudence (weapon) {antimagic, MR+ Dex+5}
   (You found it on level 7 of the Dungeon)

   It reduces the magical energy of the wielder, and disrupts the spells and
   magical abilities of those hit.
   Natural abilities and divine invocations are not affected.
   It affects your dexterity (+5).
   It affects your resistance to hostile enchantments.
Armour
 f - a +0 chain mail (worn)
 m - a +1 pair of boots (worn)
 R - a +2 pair of gloves (worn)
Jewellery
 g - an amulet of faith (around neck)
 s - an uncursed amulet of harm {unknown}
 D - a cursed amulet of magic regeneration {unknown}
 F - a cursed amulet of inaccuracy {unknown}
 I - a +2 ring of protection (left hand)
 K - an uncursed ring of flight
 L - an uncursed amulet of guardian spirit {unknown}
 Q - a ring of poison resistance (right hand)
Wands
 n - a wand of random effects (23/48)
Scrolls
 a - 2 scrolls of holy word {unknown}
 b - 2 scrolls of recharging
 e - 4 scrolls of remove curse
 h - 5 scrolls of enchant weapon {unknown}
 i - a scroll of enchant armour {unknown}
 k - a scroll of teleportation
 o - a scroll of fog
 p - 2 scrolls of random uselessness {unknown}
 r - 3 scrolls of noise {unknown}
 t - 12 scrolls of identify
 y - 2 scrolls of blinking {unknown}
 G - a scroll of amnesia {unknown}
 N - a scroll of immolation {unknown}
Potions
 l - 2 potions of flight {unknown}
 q - 2 potions of magic {unknown}
 u - 2 potions of cancellation {unknown}
 v - a potion of agility {unknown}
 w - 2 potions of heal wounds {unknown}
 x - 3 potions of curing
 z - a potion of mutation {unknown}
 A - a potion of ambrosia {unknown}
 B - a potion of lignification {unknown}
 C - 3 potions of brilliance {unknown}
 O - a potion of berserk rage {unknown}
 S - a potion of haste {unknown}
Books
 E - a book of Cantrips

   Spells                             Type                      Level
   a - Confusing Touch                Hexes                        1
   b - Animate Skeleton               Necromancy                   1
   c - Summon Small Mammal            Summoning                    1
   d - Apportation                    Translocation                1
   Trog disapproves of the use of such an item.
 H - a Young Poisoner's Handbook

   Spells                             Type                      Level
   a - Sting                          Conjuration/Poison           1
   b - Poisonous Vapours              Poison/Air                   2
   c - Mephitic Cloud                 Conjuration/Poison/Air       3
   d - Olgreb's Toxic Radiance        Poison                       4
   e - Venom Bolt                     Conjuration/Poison           5
   Trog disapproves of the use of such an item.
 J - a book of Necromancy

   Spells                             Type                      Level
   a - Pain                           Necromancy                   1
   b - Animate Skeleton               Necromancy                   1
   c - Vampiric Draining              Necromancy                   3
   d - Regeneration                   Charms/Necromancy            3
   e - Animate Dead                   Necromancy                   4
   f - Control Undead                 Necromancy                   4
   Trog disapproves of the use of such an item.
 T - a book of Maledictions

   Spells                             Type                      Level
   a - Corona                         Hexes                        1
   b - Ensorcelled Hibernation        Hexes/Ice                    2
   c - Confuse                        Hexes                        3
   d - Tukima's Dance                 Hexes                        3
   e - Dazzling Spray                 Conjuration/Hexes            3
   Trog disapproves of the use of such an item.
Comestibles
 c - 7 bread rations
 d - 7 meat rations
 j - 4 royal jellies
 P - 2 fruits


   Skills:
 - Level 10.0 Fighting
 * Level 16.2 Axes
 + Level 8.7 Armour
 - Level 1.5 Dodging


You had 10 spell levels left.
You didn't know any spells.

Dungeon Overview and Level Annotations

Branches:
Dungeon (8/15)             Temple (0/1) D:5
   Lair: D:8-11

Altars:
Ashenzari
Dithmenos
Elyvilon
Kikubaaqudgha
Okawaru
Ru
Trog
Uskayaw
Wu Jian
Yredelemnul


Message History

The death yak is almost dead.
You slash the adder skeleton!
You destroy the adder skeleton!
Trog accepts your kill.
You completely miss the death yak.
The death yak snorts and paws the ground.
The death yak misses you.
You slash the death yak!
The death yak is moderately wounded.
You slash the death yak!
You feel the power of Trog in you as your rage grows.
You kill the death yak!
Trog accepts your kill.
The death yak gores you but does no damage.
You slash the death yak!
The death yak is moderately wounded.
You slash the death yak!
The death yak is heavily wounded.
The death yak gores you!
You die...

#...........### .......
##...........## .......
#...........## .......
##...........# .......
##..........# .......
####....#..# .......
#######..
......†###############..
......†@................
......Y†................
#####...........###.....
###...#######.......
#...# ##........ #..##
#.......). #..#
#......... ..##
#......... #.........


You could see a death yak.

Vanquished Creatures
  Erica (D:8)
  6 death yaks (D:8)
  Psyche (D:8)
  Prince Ribbit (D:8)
  A hungry ghost (D:7)
  Menkaure (D:7)
  An ice beast (D:7)
  3 ogres
  3 phantoms
  A centaur (D:5)
  4 bullfrogs
  A gnoll sergeant (D:7)
  A wyvern skeleton (D:8)
  2 scorpions
  9 killer bees (D:8)
  A howler monkey (D:8)
  2 crimson imps
  A jelly (D:5)
  A bullfrog skeleton (D:4)
  6 hounds
  An orc priest (D:4)
  5 orc wizards
  A centaur skeleton (D:8)
  An iguana (D:5)
  7 worker ants
  A killer bee zombie (D:7)
  A hound zombie (D:6)
  2 howler monkey skeletons
  12 gnolls
  10 adders
  A shadow imp (D:8)
  2 adder zombies (D:7)
  2 adder skeletons
  2 worms
  3 dart slugs
  4 leopard geckos
  30 orcs
  3 giant cockroaches
  5 hobgoblins
  13 jackals
  5 kobolds
  4 quokkas
  8 bats
  4 frilled lizards
  7 goblins
  A jackal skeleton (D:7)
  26 rats
208 creatures vanquished.

Notes
Turn   | Place    | Note
-------+----------+-------------------------------------------
     0 | D:1      | anfisbena the Hill Orc Berserker began the quest for the Orb.
     0 | D:1      | Reached XP level 1. HP: 19/19 MP: 1/1
   263 | D:1      | You fall through a shaft!
   413 | D:2      | Reached XP level 2. HP: 22/27 MP: 2/2
   599 | D:2      | Reached XP level 3. HP: 34/34 MP: 3/3
   719 | D:2      | Found a white marble altar of Elyvilon.
   847 | D:2      | You fall through a shaft for 2 floors!
   854 | D:4      | Reached skill level 5 in Fighting
   854 | D:4      | Reached skill level 5 in Axes
   854 | D:4      | Reached XP level 4. HP: 31/42 MP: 4/4
  1205 | D:4      | Found a hide-covered altar of Uskayaw.
  1456 | D:4      | Reached XP level 5. HP: 44/48 MP: 5/5
  1483 | D:4      | Found an iron altar of Okawaru.
  1629 | D:4      | Reached skill level 6 in Axes
  1630 | D:4      | Reached ** piety under Trog
  2214 | D:1      | Reached XP level 6. HP: 57/57 MP: 6/6
  3149 | D:3      | Found a sacrificial altar of Ru.
  3576 | D:3      | Reached *** piety under Trog
  3576 | D:3      | Reached skill level 7 in Axes
  3657 | D:3      | You fall through a shaft!
  4100 | D:5      | Entered Level 5 of the Dungeon
  4122 | D:5      | Found a bloodstained altar of Trog.
  4138 | D:5      | Reached XP level 7. HP: 62/66 MP: 7/7
  4167 | D:5      | Reached **** piety under Trog
  4196 | D:5      | Reached skill level 8 in Axes
  4360 | D:5      | Found a staircase to the Ecumenical Temple.
  4926 | D:5      | Found a basalt altar of Yredelemnul.
  5135 | D:5      | Reached XP level 8. HP: 72/75 MP: 8/8
  5245 | D:5      | Reached skill level 9 in Axes
  5909 | D:6      | Reached ***** piety under Trog
  6493 | D:7      | Reached skill level 10 in Axes
  6753 | D:7      | Got an ichor-stained battleaxe
  6754 | D:7      | Identified the +8 battleaxe of Prudence {antimagic, MR+ Dex+5} (You found it on level 7 of the Dungeon)
  6848 | D:7      | Reached skill level 10 in Fighting
  6853 | D:7      | Reached XP level 9. HP: 80/85 MP: 3/9
  6923 | D:7      | Reached skill level 11 in Axes
  7077 | D:7      | Found a white marble altar of Elyvilon.
  7128 | D:7      | Noticed Menkaure
  7129 | D:7      | Found an ancient bone altar of Kikubaaqudgha.
  7137 | D:7      | Killed Menkaure
  7721 | D:8      | Reached skill level 12 in Axes
  7753 | D:8      | Received a gift from Trog
  7905 | D:8      | Noticed Prince Ribbit
  7915 | D:8      | Killed Prince Ribbit
  8005 | D:8      | Noticed Psyche
  8012 | D:8      | Killed Psyche
  8012 | D:8      | Reached skill level 5 in Armour
  8014 | D:8      | Reached skill level 13 in Axes
  8156 | D:8      | Noticed Erica
  8166 | D:8      | Killed Erica
  8166 | D:8      | Reached XP level 10. HP: 89/93 MP: 3/10
  8319 | D:8      | Reached skill level 14 in Axes
  8595 | D:8      | Found an ornate altar of the Wu Jian Council.
  8682 | D:8      | Found a shattered altar of Ashenzari.
  8683 | D:8      | Found a shadowy altar of Dithmenos.
  8735 | D:8      | Noticed a death yak
  8736 | D:8      | Noticed a death yak
  8736 | D:8      | Noticed a death yak
  8736 | D:8      | Noticed a death yak
  8736 | D:8      | Noticed a death yak
  8736 | D:8      | Noticed a death yak
  8736 | D:8      | Noticed a death yak
  8745 | D:8      | Killed a death yak
  8745 | D:8      | Received a gift from Trog
  8747 | D:8      | Killed a death yak
  8749 | D:8      | Killed a death yak
  8749 | D:8      | Reached skill level 15 in Axes
  8752 | D:8      | Killed a death yak
  8752 | D:8      | Reached XP level 11. HP: 23/99 MP: 3/11
  8753 | D:8      | Killed a death yak
  8753 | D:8      | Reached skill level 16 in Axes
  8753 | D:8      | HP: 5/148 [death yak (19)]
  8756 | D:8      | Killed a death yak
  8758 | D:8      | Slain by a death yak

Vault maps used:
D:1:      co_arrival_square_in_a_square_in_a_square
D:2:      overflow_temple_1_default, corexii_corridor_pit,
          kennysheep_generic_room_6
D:3:      marbit_many_paths, minmay_rat_hole
D:4:      kennysheep_mini_moat, eat_drink_and_be_merry_uskayaw
D:5:      yredelemnul_altar_generic, bloody_trog, temple_doors_e, first_bread
D:7:      nicolae_overflow_hidden_temple, zin_scriptorium, grunt_ogre_cave,
          hangedman_decor_points, elyvilon_altar_3, uniq_menkaure
D:8:      lemuel_round_altar, gammafunk_temple_overflow_pools,
          dpeg_lair_monsters, st_stairs_8, uniq_psyche, uniq_erica,
          uniq_prince_ribbit1

Skill      XL: |  1  2  3  4  5  6  7  8  9 10 11 |
---------------+----------------------------------+-----
Fighting       | 4 5 6 7 8 10 | 10.0
Axes           | 5 6 7 8 10 13 15 16 | 16.2
Armour         | 6 8 |  8.7
Dodging        | |  1.5

Action                   |  1- 3 |  4- 6 |  7- 9 | 10-12 || total
-------------------------+-------+-------+-------+-------++-------
Melee: Hand axe          |    91 |   257 |   350 |       ||   698
       Battleaxe         |       |       |    80 |    33 ||   113
Invok: Berserk           |     1 |     2 |     4 |     1 ||     8
       Trog's Hand       |       |       |     1 |       ||     1
  Use: Scroll            |     1 |     4 |       |       ||     5
  Eat: Chunk             |     1 |    11 |    20 |     1 ||    33
Armor: Scale mail        |    33 |       |       |       ||    33
       Animal skin       |     3 |       |       |       ||     3
       Chain mail        |     2 |   178 |   238 |    37 ||   455
Dodge: Dodged            |    54 |   115 |   165 |    19 ||   353
